 Dungeon Crawl Stone Soup version 0.31.0-12-g77e489cdc1 (webtiles) character file.

Game seed: 14588849931617062654

49 112233 the Ducker (level 3, -9/26 HPs)
             Began as an Octopode Fighter on Feb 14, 2024.
             Mangled by Sigmund
             ... wielding a +0 scythe
              (11 damage)
             ... on level 2 of the Dungeon.
             The game lasted 00:00:54 (1030 turns).

112233 the Ducker (Octopode Fighter)                Turns: 1030, Time: 00:00:54

Health: -9/26      AC:  1    Str: 14 (15) XL:     3   Next: 75%
Magic:  3/3        EV: 13    Int:  8 (10) God:
Gold:   73         SH:  4    Dex: 10 (13) Spells: 2/2 levels left

rFire   . .          .
                       - Unarmed
rCold   . . .        a - +0 buckler
rNeg    . . .        (helmet restricted)
rPois   .            (no amulet)
rElec   .            (no ring)
rCorr   .            (no ring)
SInv    .            (no ring)
Will    .....        (no ring)
Stlth   ++           (no ring)
HPRegen 0.24/turn    (no ring)
MPRegen 0.08/turn    (no ring)
                     (no ring)

%: no passive effects
@: mighty
A: almost no armour, amphibious, 8 rings, camouflage 1, gelatinous body 1,
(nimble swimmer 1), tentacles
a: no special abilities


You were on level 2 of the Dungeon.
You visited 1 branch of the dungeon, and saw 2 of its levels.

You collected 73 gold pieces.

Inventory:

Armour
 a - a +0 buckler (worn)
Jewellery
 d - a +6 ring of dexterity
 g - a +6 ring of intelligence
Scrolls
 c - a scroll of fog {unknown}
 f - a scroll of teleportation {unknown}
Potions
 h - a potion of degeneration


   Skills:
 + Level 3.4 Fighting
 + Level 3.4 Dodging
 + Level 3.4 Shields
 + Level 2.6 Unarmed Combat


You had 2 spell levels left.
You didn't know any spells.
Your spell library was empty.

Dungeon Overview and Level Annotations

Branches:
Dungeon (2/15)

Altars:

Annotations:
D:2 Sigmund


Innate Abilities, Weirdness & Mutations

You cannot wear most types of armour.
You are amphibious.
You can wear up to eight rings at the same time.
Your skin changes colour to match your surroundings (Stealth+).
Your rubbery body absorbs attacks. (AC +1, EV +1)
((You are camouflaged when in or above water. (Stealth+)))
You have tentacles for arms and can constrict up to eight enemies at once.


Message History

Unknown command.
You hear some strange, mumbled words.
A magic dart appears from out of thin air!
The magic dart hits you!
You closely miss something.
You hear some strange, mumbled words.
You are confused.
Unknown command.
You feel much better. Something hits you.
Unknown command.
You bludgeon something! Something hits you!
You bump into the rock wall.
Unknown command.
You bump into the rock wall.
Something hits you.
You bump into the rock wall.
Something barely misses you.
Unknown command.
You completely miss something. Your squeeze misses something.
You bump into the rock wall.
You feel less confused. Something hits you.
You closely miss something. Your squeeze misses something.
You hear some strange, mumbled words.
A magic dart appears from out of thin air!
The magic dart hits you.
Unknown command.
You completely miss something. Something hits you!
* * * LOW HITPOINT WARNING * * *
You tentacle-slap something.
Unknown command.
It was a potion of degeneration.
There was something very wrong with that liquid.
You feel weakened.
You feel dopey.
You feel clumsy. Something barely misses you.
Unknown command.
You closely miss something. Something hits you.
* * * LOW HITPOINT WARNING * * *
Unknown command.
You completely miss something. You barely miss something. Something hits you!
You die...

.J.....#..
......g#.#
.......#.#
......(#.#
.......#b#
.......#.#
..?....#.###########
.......).g{@........
########.###########
#.# ###.# ##...# ###
###..### ...###
#.....#
.....###.....#
.....##......#


You could see a hobgoblin.

Vanquished Creatures
  An adder (D:2)
  A ribbon worm (D:2)
  A dart slug (D:1)
  An endoplasm (D:1)
  6 goblins
  3 hobgoblins (D:1)
  3 jackals (D:2)
  5 kobolds
  A quokka (D:1)
  2 ball pythons (D:1)
  5 bats
  A frilled lizard (D:1)
  3 rats
33 creatures vanquished.

Notes
Turn   | Place    | Note
-------+----------+-------------------------------------------
     0 | D:1      | 112233 the Octopode Fighter began the quest for the Orb.
     0 | D:1      | Reached XP level 1. HP: 16/16 MP: 1/1
    59 | D:1      | Reached XP level 2. HP: 16/21 MP: 2/2
   538 | D:1      | Reached XP level 3. HP: 26/26 MP: 3/3
   639 | D:1      | Found a faded altar of an unknown god.
   997 | D:2      | Noticed Sigmund
  1028 | D:2      | HP: 1/26 [something (1)]
  1030 | D:2      | Mangled by Sigmund

Illustrated notes

Levels and vault maps discovered:
D:1:      erik_arrival_cave_to_civilisation [erik_arrival_cave_to_hall],
          layout_loops_ring, basic_ecumenical_altar
D:2:      layout_basic, uniq_sigmund

Action                     || total
---------------------------++-------
  Melee: Unarmed           ||    75
         Constrict         ||    17
         Tentacles         ||    15
    Use: Potion            ||     5
   Stab: Sleeping          ||     4
 Armour: Skin              ||    46
  Dodge: Dodged            ||    42
  Block: Buckler           ||    15
